 Dungeon Crawl Stone Soup version 0.27.1 (webtiles) character file.

Game seed: 1019484600737114883

101220 Malachi the Executioner (level 15, -14/134 HPs)
             Began as a Minotaur Berserker on Sept 1, 2021.
             Was a High Priest of Trog.
             Killed from afar by a tengu conjurer (23 damage)
             ... with a bolt of lightning
             ... on level 15 of the Dungeon.
             The game lasted 00:54:41 (28012 turns).

Malachi the Executioner (Minotaur Berserker)       Turns: 28012, Time: 00:54:41

Health: -14/134    AC: 24    Str: 27    XL:     15   Next: 82%
Magic:  14/14      EV: 11    Int:  4    God:    Trog [*****.]
Gold:   1819       SH:  5    Dex: 11    Spells: 14/14 levels left

rFire    + . .     SeeInvis .   M - +7 battleaxe (freeze)
rCold    + . .     Faith    .   (shield currently unavailable)
rNeg     . . .     Spirit   .   J - +2 plate armour {rC+}
rPois    .         Reflect  +   (helmet restricted)
rElec    .         Harm     .   U - +0 cloak
rCorr    +         Rampage  .   (no gloves)
Will     ++++.                  d - +1 pair of boots
Stlth    ..........             Q - amulet of reflection
HPRegen  2.32/turn              X - ring of resist corrosion
MPRegen  0.14/turn              D - ring of protection from fire

@: strong-willed, regenerating
A: horns 2, retaliatory headbutt, iridescent scales 1, strong-willed 1,
regeneration 1
a: Renounce Religion, Berserk, Trog's Hand, Brothers in Arms


You were on level 15 of the Dungeon.
You worshipped Trog.
Trog was extremely pleased with you.
You visited 3 branches of the dungeon, and saw 23 of its levels.
You also visited: Sewer, Ice Cave and Volcano.

You collected 2081 gold pieces.
You spent 262 gold pieces at shops.

Inventory:

Hand Weapons
 K - the +9 staff of Olgreb {rPois∞}
   (You took it off a kobold on level 9 of the Dungeon)

   If the wielder is skilled in Evocations, they can envenom those struck by it,
   dealing poison damage which bypasses armour.
   It enhances your poison magic.
   It grants immunity to poison.
   It can be evoked to radiate toxic energy, with effectiveness depending on
   Evocations skill.
   Trog disapproves of the use of such an item.
 M - a +7 battleaxe of freezing (weapon)
 R - the +13 broad axe of Naowk {flame, rF+++ Str+4 Int-2}
   (Trog gifted it to you on level 13 of the Dungeon)

   It burns those it strikes, dealing additional fire damage.
   Big, fiery blades are also staple armaments of hydra-hunters.
   Str:       It affects your strength (+4).
   Int:       It affects your intelligence (-2).
   rF:        It renders you almost immune to fire.
 Z - the +6 broad axe of Trog's Brutal Revenge {flame, rC+ Dex-4 Stlth+}
   (Trog gifted it to you on level 14 of the Dungeon)

   It burns those it strikes, dealing additional fire damage.
   Big, fiery blades are also staple armaments of hydra-hunters.
   Dex:       It affects your dexterity (-4).
   rC:        It protects you from cold.
   Stlth:     It makes you more stealthy.
Missiles
 k - 18 javelins (quivered)
 v - 33 boomerangs
 y - 3 throwing nets
Armour
 d - a +1 pair of boots (worn)
 x - a +0 kite shield
 I - a +2 plate armour of willpower
 J - a +2 plate armour of cold resistance (worn)
 U - a +0 cloak (worn)
 Y - a +4 chain mail of fire resistance
Jewellery
 f - a ring of see invisible
 z - an amulet of faith
 B - a ring of positive energy
 D - a ring of protection from fire (right hand)
 H - an amulet of guardian spirit
 O - a ring of protection from fire
 Q - an amulet of reflection (around neck)
 X - a ring of resist corrosion (left hand)
Wands
 i - a wand of digging (5)
 l - a wand of paralysis (7)
 s - a wand of iceblast (17)
 E - a wand of polymorph (19)
 L - a wand of acid (10)
 N - a wand of mindburst (15)
 P - a wand of flame (20)
 V - a wand of charming (9)
Scrolls
 b - 5 scrolls of vulnerability
 g - 4 scrolls of blinking
 h - 2 scrolls of torment
 j - 5 scrolls of enchant armour
 o - 3 scrolls of immolation
 q - 4 scrolls of fear
 r - 9 scrolls of teleportation
 S - 4 scrolls of fog
 T - a scroll of summoning
 W - 2 scrolls of identify
Potions
 a - 4 potions of magic
 c - 3 potions of resistance
 e - 7 potions of haste
 m - 6 potions of invisibility
 n - 4 potions of might
 p - 9 potions of heal wounds
 t - 2 potions of cancellation
 u - 2 potions of ambrosia
 w - 6 potions of lignification
 A - 5 potions of curing
 C - 3 potions of flight
 F - 3 potions of attraction
 G - 4 potions of mutation


   Skills:
 + Level 12.8 Fighting
 - Level 24.0 Axes
 + Level 14.4 Armour
 + Level 10.9 Dodging
 * Level 8.7 Shields


You had 14 spell levels left.
You didn't know any spells.
Your spell library contained the following spells:

 Spells                   Type           Power      Damage    Failure   Level
 Foxfire                  Conj/Fire      0%         2x1d4     98%         1
 Conjure Flame            Conj/Fire      0%         6-21      100%        3
 Inner Flame              Hex/Fire       0%         N/A       100%        3
 Hailstorm                Conj/Ice       0%         3d3       100%        4
 Ice Form                 Ice/Tmut       0%         N/A       100%        4
 Simulacrum               Ice/Necr       0%         N/A       100%        6


Dungeon Overview and Level Annotations

Branches:
Dungeon (15/15)            Temple (0/1) D:4            Lair (6/6) D:11
  Swamp (0/4) Lair:2       Spider (0/4) Lair:3        Slime (0/5) Lair:6
    Orc (2/2) D:11            Elf (0/3) Orc:2        Vaults (0/5) D:14
  Sewer (visited)           IceCv (visited)         Volcano (visited)
 Depths: D:15

Altars:
Ashenzari
Dithmenos
Gozag
Makhleb
Ru
Trog
Vehumet
Wu Jian
Jiyva

Shops:
D:5 !(!   D:14 *   Orc:2 ![(*

Annotations:
D:15 Agnes


Innate Abilities, Weirdness & Mutations

You have a pair of horns on your head.
You reflexively headbutt those who attack you in melee.
You are partially covered in iridescent scales. (AC +2)
You are strong-willed. (Will+)
Your natural rate of healing is unusually fast.


Message History

A fire dragon comes into view.
Agnes hits you with a +0 lajatang!!
You slash Agnes! You freeze Agnes. Your headbutt misses Agnes.
Agnes is moderately wounded.
Agnes hits you with a +0 lajatang!!
You are too injured to fight recklessly!
You are too injured to fight recklessly!
Unknown command.
Blink to where?
Press: ? - help, Dir - move target, f - you
Okay, then.
Agnes hits you but does no damage.
Blink to where?
Press: ? - help, Dir - move target
As you read the scroll of blinking, it crumbles to dust.
Blink to where?
Press: ? - help, Dir - move target, f - you
Okay, then.
As you read the scroll of teleportation, it crumbles to dust.
You feel strangely unstable.
Your surroundings suddenly seem different.
You open the door.
A tengu conjurer comes into view.
The tengu conjurer shouts!
The tengu conjurer gestures at you while chanting.
The bolt of lightning hits you!!
* * * LOW HITPOINT WARNING * * *
The tengu conjurer casts a spell.
You hear a shout!
There is an open door here.
Okay, then.
Your skin crawls.
You feel strong-willed.
A battlesphere comes into view.
The tengu conjurer gestures at you while chanting.
The bolt of lightning hits you!!
* * * LOW HITPOINT WARNING * * *
The tengu conjurer casts a spell at you.
The bolt of lightning hits you!!
You die...

# ###.#.......#.# #..###### #
#...##.....##.## #..##
##.#.####'###...## #...####
######...####.........###......#
............+.........'........#
######...####.........###........
###.## ##.......## #........
#...## ##.....## #.####.#.
#.###.# ##@..## #.# #.. #. #.#
##'## #.# #. #.###.# #.# #.# #
#...## #.# #.# ## ##.## #Q# .##
#.# .*. ..# #.# ... ######i######
... D.i........... ....#


You could see a tengu conjurer and a battlesphere.

Vanquished Creatures
  Jorgrun (D:11)
  A frost giant (D:12)
  The ghost of Xiestris the Carver, a journeyman DsGl of Makhleb (D:15)
  A stone giant (Volcano)
  2 very ugly things (IceCv)
  2 quicksilver oozes (D:15)
  The ghost of Cykl0x the Carver, a journeyman MiFi of the Shining One (D:12)
  An ettin (Orc:2)
  The ghost of PaulusMax the Cleaver, a journeyman HOFi of Okawaru (D:11)
  9 hydras
  Harold (D:8)
  3 boulder beetles
  8 vault guards (D:14)
  5 catoblepae
  3 centaur warriors
  A death knight (D:15)
  A tengu warrior (D:14)
  7 two-headed ogres
  16 death yaks
  An orc high priest (Orc:2)
  Nergalle (D:11)
  2 lindwurms
  A deep elf archer (D:13)
  2 orc knights
  An orange crystal statue (IceCv)
  A wizard (D:13)
  A phantasmal warrior (D:15)
  5 ugly things (D:14)
  7 orc sorcerers
  A necromancer (D:13)
  3 deep elf pyromancers
  8 cyclopes
  A will-o-the-wisp (Lair:2)
  5 manticores
  5 elephants (Lair:3)
  A black mamba (Lair:1)
  A guardian serpent (shapeshifter) (D:13)
  A torpor snail (Lair:5)
  2 gargoyles
  An unseen horror (D:13)
  6 cane toads
  A rime drake (Lair:6)
  An efreet (Volcano)
  3 freezing wraiths
  A komodo dragon (shapeshifter) (D:15)
  A tengu conjurer (D:13)
  7 komodo dragons
  2 anaconda simulacra (IceCv)
  A golden dragon simulacrum (IceCv)
  A troll (D:13)
  A queen bee (shapeshifter) (D:14)
  A polar bear (Lair:1)
  A hornet (Lair:3)
  5 dream sheep (Lair:4)
  3 slime creatures (D:15)
  3 blink frogs (Lair:6)
  2 shadows
  Sigmund (D:3)
  2 dire elephant simulacra (IceCv)
  2 wyverns
  5 wraiths
  A centaur simulacrum (D:13)
  A vampire (D:11)
  56 yaks
  8 basilisks
  4 fire elementals
  2 fire bats (Lair:1)
  4 vampire mosquitoes (D:13)
  A harpy simulacrum (IceCv)
  A warg (Orc:1)
  14 water moccasins
  An ice beast (D:5)
  3 sky beasts
  An alligator simulacrum (IceCv)
  3 black bears
  22 orc warriors
  29 wolves
  4 ogres
  15 centaurs
  A phantom (D:5)
  4 kobold brigands
  9 bullfrogs
  2 gnoll sergeants
  A wyvern zombie (D:9)
  An earth elemental (Volcano)
  6 scorpions
  A water moccasin skeleton (D:5)
  A lindwurm simulacrum (IceCv)
  4 wights (D:9)
  2 howler monkeys (D:10)
  4 electric eels
  A hound (D:5)
  4 centaur zombies
  3 jellies
  2 bullfrog skeletons (D:6)
  22 orc priests
  2 gnoll shamans
  4 iguanas
  32 orc wizards
  Ijyb (D:3)
  A hell rat (D:11)
  2 hound skeletons (D:4)
  A howler monkey zombie (D:10)
  19 gnolls
  6 adders
  7 river rats
  A white imp (D:6)
  2 ufetubi
  7 worms
  68 orcs
  6 bats
  9 endoplasms
  5 giant cockroaches
  4 hobgoblins
  3 jackals (D:3)
  2 quokkas
  11 ball pythons
  A frilled lizard (Sewer)
  10 goblins
  31 kobolds
  A quokka skeleton (D:2)
  23 rats
663 creatures vanquished.

Vanquished Creatures (others)
  3 orcs
  A goblin (D:3)
  23 fungi
  26 plants
53 creatures vanquished.

Grand Total: 716 creatures vanquished

Notes
Turn   | Place    | Note
-------+----------+-------------------------------------------
     0 | D:1      | Malachi the Minotaur Berserker began the quest for the Orb.
     0 | D:1      | Reached XP level 1. HP: 19/19 MP: 0/0
    48 | D:1      | Found a faded altar of an unknown god.
   135 | D:1      | Reached skill level 4 in Axes
   209 | D:1      | Reached XP level 2. HP: 25/26 MP: 1/1
  1307 | D:2      | Reached skill level 5 in Axes
  1322 | D:2      | Reached XP level 3. HP: 28/31 MP: 2/2
  1370 | D:2      | Reached ** piety under Trog
  1431 | D:2      | Found a shadowy altar of Dithmenos.
  1852 | D:3      | Found a glowing drain.
  1873 | Sewer    | Entered a sewer
  1986 | Sewer    | Reached skill level 6 in Axes
  1986 | Sewer    | Reached XP level 4. HP: 37/39 MP: 3/3
  2133 | Sewer    | Reached skill level 7 in Axes
  2133 | Sewer    | Reached XP level 5. HP: 18/45 MP: 4/4
  2363 | Sewer    | Reached *** piety under Trog
  2512 | Sewer    | Reached skill level 8 in Axes
  2514 | Sewer    | Reached XP level 6. HP: 40/51 MP: 5/5
  3007 | D:3      | Noticed Sigmund
  3016 | D:3      | Killed Sigmund
  3017 | D:3      | Reached skill level 9 in Axes
  3468 | D:3      | Noticed Ijyb
  3483 | D:3      | Killed Ijyb
  3484 | D:3      | Reached XP level 7. HP: 38/57 MP: 6/6
  3727 | D:3      | Found a burning altar of Makhleb.
  3727 | D:3      | Noticed an Executioner
  3730 | D:3      | Noticed a hellwing
  3730 | D:3      | Noticed a neqoxec
  3885 | D:4      | Reached skill level 10 in Axes
  4559 | D:4      | Found a bloodstained altar of Trog.
  4608 | D:4      | Found a staircase to the Ecumenical Temple.
  4861 | D:5      | Entered Level 5 of the Dungeon
  4878 | D:5      | Found Xaucips's Weapon Shoppe.
  4895 | D:5      | Reached **** piety under Trog
  4925 | D:5      | Found Gusaomur's Distillery.
  4934 | D:5      | Bought a potion of heal wounds for 60 gold pieces
  4934 | D:5      | Bought a potion of curing for 36 gold pieces
  5054 | D:5      | Reached skill level 11 in Axes
  5288 | D:5      | Reached XP level 8. HP: 48/64 MP: 7/7
  5718 | D:5      | Found Qaucw's Distillery.
  5729 | D:5      | Reached skill level 12 in Axes
  6491 | D:6      | Reached skill level 13 in Axes
  7416 | D:7      | Reached XP level 9. HP: 70/70 MP: 8/8
  7784 | D:7      | Reached skill level 14 in Axes
  8642 | D:8      | Found a sacrificial altar of Ru.
  8842 | D:8      | Noticed Harold
  8858 | D:8      | Killed Harold
  8859 | D:8      | Reached skill level 15 in Axes
  9213 | D:8      | Found an opulent altar of Gozag.
  9477 | D:9      | Reached skill level 16 in Axes
  9504 | D:9      | Reached skill level 1 in Shields
  9549 | D:9      | Noticed a two-headed ogre
  9556 | D:9      | Killed a two-headed ogre
  9557 | D:9      | Reached XP level 10. HP: 80/80 MP: 7/9
  9650 | D:9      | Reached ***** piety under Trog
  9651 | D:9      | Reached skill level 5 in Fighting
 10320 | D:10     | Entered Level 10 of the Dungeon
 10473 | D:10     | Reached skill level 5 in Armour
 10681 | D:10     | Found an ornate altar of the Wu Jian Council.
 11220 | D:10     | Found a broken altar of Ashenzari.
 11455 | D:11     | Noticed a cyclops
 11461 | D:11     | Killed a cyclops
 11556 | D:11     | Noticed a five-headed hydra
 11570 | D:11     | Killed an eight-headed hydra
 11571 | D:11     | Reached skill level 17 in Axes
 11605 | D:11     | Found a staircase to the Orcish Mines.
 11926 | D:11     | Noticed a cyclops
 11933 | D:11     | Killed a cyclops
 11934 | D:11     | Reached XP level 11. HP: 79/89 MP: 8/10
 12079 | D:11     | Received a gift from Trog
 12257 | D:11     | Found a runed translucent gate.
 12258 | D:11     | Found a runed translucent gate.
 12259 | D:11     | Found a runed translucent gate.
 12259 | D:11     | Noticed PaulusMax's ghost (journeyman HOFi)
 12272 | D:11     | Killed PaulusMax's ghost
 12275 | D:11     | Noticed a death yak
 12422 | D:11     | Noticed a death yak
 12424 | D:11     | Noticed a death yak
 12449 | D:11     | Killed a death yak
 12456 | D:11     | Killed a death yak
 12460 | D:11     | Killed a death yak
 12461 | D:11     | Reached skill level 18 in Axes
 12577 | D:11     | Found a staircase to the Lair.
 13395 | Lair:1   | Entered Level 1 of the Lair of Beasts
 13736 | Lair:1   | Noticed an eight-headed hydra
 13745 | Lair:1   | Killed an 11-headed hydra
 14328 | Lair:1   | Reached skill level 19 in Axes
 14757 | Lair:2   | Reached XP level 12. HP: 70/96 MP: 9/11
 14973 | Lair:2   | Identified the +1 leather armour of the Aged Brambles
                  | {-Tele Harm SInv}
 15332 | Lair:2   | Found a staircase to the Swamp.
 15380 | Lair:2   | Found a dark tunnel.
 15387 | Lair:2   | Reached skill level 10 in Armour
 15395 | Volcano  | Entered a volcano
 15715 | Volcano  | Noticed a stone giant
 15729 | Volcano  | Killed a stone giant
 16425 | Lair:3   | Noticed a catoblepas
 16437 | Lair:3   | Killed a catoblepas
 16720 | Lair:3   | Found a hole to the Spider Nest.
 16739 | Lair:3   | Identified a scroll of acquirement
 16739 | Lair:3   | Acquired a manual of Axes
 16831 | Lair:3   | Reached skill level 5 in Dodging
 16836 | Lair:3   | Reached skill level 20 in Axes
 17666 | Lair:4   | Noticed a four-headed hydra
 17675 | Lair:4   | Killed a six-headed hydra
 17702 | Lair:4   | Identified the +1 robe of the Sailor {Int-3 Dex+7 Stlth+}
 17861 | Lair:4   | Noticed a seven-headed hydra
 17864 | Lair:4   | Noticed a seven-headed hydra
 17869 | Lair:4   | Killed an 11-headed hydra
 17870 | Lair:4   | Reached XP level 13. HP: 108/108 MP: 10/12
 19255 | Lair:5   | Reached skill level 21 in Axes
 19551 | Lair:5   | Received a gift from Trog
 20246 | Lair:6   | Entered Level 6 of the Lair of Beasts
 20415 | Lair:6   | Reached skill level 22 in Axes
 20598 | Lair:6   | Reached skill level 10 in Fighting
 20742 | Lair:6   | Reached XP level 14. HP: 121/121 MP: 11/13
 21275 | Lair:6   | Found a viscous altar of Jiyva.
 21276 | Lair:6   | Found a staircase to the Slime Pits.
 21925 | Lair:6   | Reached skill level 23 in Axes
 22342 | Orc:1    | Entered Level 1 of the Orcish Mines
 22342 | Orc:1    | Noticed Nergalle
 22342 | Orc:1    | Noticed Jorgrun
 22355 | D:11     | Killed Jorgrun
 22355 | D:11     | Received a gift from Trog
 22784 | D:11     | Killed Nergalle
 23663 | Orc:2    | Entered Level 2 of the Orcish Mines
 23976 | Orc:2    | Received a gift from Trog
 24076 | Orc:2    | Found Maxt's Distillery.
 24076 | Orc:2    | Found Beapn's General Store.
 24076 | Orc:2    | Found Reqoz's Weapon Shoppe.
 24085 | Orc:2    | Found Detur's Armour Emporium.
 24092 | Orc:2    | Bought a potion of mutation for 112 gold pieces
 24096 | Orc:2    | Bought a scroll of identify for 24 gold pieces
 24398 | Orc:2    | Paralysed by an orc sorcerer for 5 turns
 24655 | Orc:2    | Found a staircase to the Elven Halls.
 24806 | Orc:2    | Gained mutation: You are strong-willed. (Will+) [potion of
                  | mutation]
 24806 | Orc:2    | Gained mutation: Your spells are a little easier to cast,
                  | but a little less powerful. [potion of mutation]
 24806 | Orc:2    | Gained mutation: You are covered in fur. (AC +1) [potion of
                  | mutation]
 24806 | Orc:2    | Gained mutation: You expend magic power (3 MP) to
                  | strengthen your wands. [potion of mutation]
 24807 | Orc:2    | Lost mutation: You are covered in fur. (AC +1) [potion of
                  | mutation]
 24807 | Orc:2    | Lost mutation: Your spells are a little easier to cast, but
                  | a little less powerful. [potion of mutation]
 24807 | Orc:2    | Gained mutation: You have sharp toenails. [potion of
                  | mutation]
 24807 | Orc:2    | Gained mutation: Your muscles are strong. (Str +2) [potion
                  | of mutation]
 24808 | Orc:2    | Lost mutation: You have sharp toenails. [potion of
                  | mutation]
 24808 | Orc:2    | Lost mutation: Your muscles are strong. (Str +2) [potion of
                  | mutation]
 24808 | Orc:2    | Gained mutation: You have an increased reservoir of magic.
                  | (+10% MP) [potion of mutation]
 24809 | Orc:2    | Lost mutation: You expend magic power (3 MP) to strengthen
                  | your wands. [potion of mutation]
 24809 | Orc:2    | Gained mutation: You are agile. (Dex +2) [potion of
                  | mutation]
 24809 | Orc:2    | Gained mutation: You are frail. (-10% HP) [potion of
                  | mutation]
 24809 | Orc:2    | Gained mutation: Your spells are a little easier to cast,
                  | but a little less powerful. [potion of mutation]
 24810 | Orc:2    | Lost mutation: You are frail. (-10% HP) [potion of
                  | mutation]
 24810 | Orc:2    | Lost mutation: You are agile. (Dex +2) [potion of mutation]
 24810 | Orc:2    | Lost mutation: Your spells are a little easier to cast, but
                  | a little less powerful. [potion of mutation]
 24810 | Orc:2    | Gained mutation: Your natural rate of healing is unusually
                  | fast. [potion of mutation]
 24810 | Orc:2    | Gained mutation: You are dopey. (Int -2) [potion of
                  | mutation]
 24810 | Orc:2    | Gained mutation: You are weak. (Str -2) [potion of
                  | mutation]
 24811 | Orc:2    | Lost mutation: You are dopey. (Int -2) [potion of mutation]
 24811 | Orc:2    | Lost mutation: You are weak. (Str -2) [potion of mutation]
 24811 | Orc:2    | Lost mutation: You have an increased reservoir of magic.
                  | (+10% MP) [potion of mutation]
 24811 | Orc:2    | Gained mutation: You are partially covered in iridescent
                  | scales. (AC +2) [potion of mutation]
 25023 | D:12     | Noticed Cykl0x's ghost (journeyman MiFi)
 25053 | D:12     | Identified the +9 great mace of Ungygh Xenla {freeze, rN+
                  | Will+ Str-4 Int+4}
 25053 | D:12     | Noticed a frost giant
 25056 | D:12     | Found a transporter.
 25056 | D:12     | Found a transporter.
 25640 | D:12     | Killed a frost giant
 25646 | D:12     | Killed Cykl0x's ghost
 25722 | D:13     | Identified the +13 broad axe of Naowk {flame, rF+++ Str+4
                  | Int-2} (Trog gifted it to you on level 13 of the Dungeon)
 25722 | D:13     | Received a gift from Trog
 25911 | D:13     | Reached XP level 15. HP: 119/132 MP: 14/14
 25994 | D:13     | Reached ****** piety under Trog
 26007 | D:13     | Reached skill level 10 in Dodging
 26440 | D:13     | Identified the +0 leather armour "Qinufusi" {rElec Str-4
                  | Slay+4 SInv}
 26662 | D:14     | Found a frozen archway.
 26673 | IceCv    | Entered an ice cave
 26681 | IceCv    | Reached skill level 5 in Shields
 26751 | IceCv    | Found a transporter.
 26758 | IceCv    | Found a transporter.
 26827 | D:14     | Found Dukh's General Store.
 26845 | D:14     | Bought a scroll of teleportation for 30 gold pieces
 26965 | D:14     | Identified the +6 broad axe of Trog's Brutal Revenge
                  | {flame, rC+ Dex-4 Stlth+} (Trog gifted it to you on level
                  | 14 of the Dungeon)
 26965 | D:14     | Received a gift from Trog
 27023 | D:14     | Found a gate to the Vaults.
 27072 | D:14     | Reached skill level 24 in Axes
 27587 | D:15     | Entered Level 15 of the Dungeon
 27757 | D:15     | Found a radiant altar of Vehumet.
 27849 | D:15     | Found a runed translucent gate.
 27852 | D:15     | Found a runed translucent gate.
 27898 | D:15     | Found a runed translucent gate.
 27900 | D:15     | Noticed Xiestris's ghost (journeyman DsGl)
 27904 | D:15     | Found a viscous altar of Jiyva.
 27923 | D:15     | Killed Xiestris's ghost
 27994 | D:15     | Noticed Agnes
 28012 | D:15     | Killed from afar by a tengu conjurer

Illustrated notes

Levels and vault maps discovered:
D:1:      kennysheep_arrival_seaside, layout_loops_ring,
          hellmonk_ecumenical_altar_run_dry
D:2:      minmay_angry_zag, layout_loops_corners, basic_altar,
          kennysheep_generic_room_6
D:3:      kennysheep_goblin_castle, layout_loops_ring,
          makhleb_altar_promises_db, cheibrodos_sewer_entry_drain,
          minmay_misc_feat_room, uniq_sigmund
D:4:      layout_cave_pools, mainiacjoe_overflow_paths,
          minmay_temple_entry_enclosed_plants, grunt_ministairs_6,
          serial_bayou_crossing
D:5:      layout_layer_cave, serial_shops, nicolae_shop_stone,
          nicolae_shop_crystal, kennysheep_little_box
D:6:      layout_basic, grunt_ministairs_1, grunt_decor_junction
D:7:      layout_basic, dk_vineyard_1
D:8:      layout_gridville, mainiacjoe_overflow_swirl, uniq_harold
D:9:      layout_basic
D:10:     layout_loops_ring, kennysheep_mini_moat, amcnicky_altar_gilded,
          serial_aquarium, aquarium_bridge_straight [aquarium_subvault_bridge,
          aquarium_subvault_wall, aquarium_subvault_bridge,
          aquarium_subvault_wall], aquarium_window_1,
          aquarium_window_corridor_2, aquarium_view_2a, aquarium_view_2d,
          aquarium_pool_side, minmay_orc_keep
D:11:     layout_irregular_city, dpeg_lair_monsters, orc_0_dummy,
          ebering_ghost_rock_garden, eino_curves_04, roderic_roman_lattice,
          kennysheep_minor_cross, lightli_minifort
D:12:     layout_loops_ring, gammafunk_ghost_smash
D:13:     minmay_stepped, layout_basic
D:14:     layout_basic, erik_vaults_2, portal_ice_cave_entry_pillars_2,
          serial_shops, shop, patterned_corridor, kennysheep_generic_room_5
D:15:     grunt_enter_depths_hoard, layout_loops_corners, serial_glass,
          glass_columns_a, glass_columns_c, gammafunk_ghost_ooze,
          nicolae_vehumet_altar_sigil, uniq_agnes
Lair:1:   layout_gridlike
Lair:2:   layout_cave_pods, minmay_swamp_entry_wisps,
          nicolae_volcano_entry_hallway
Lair:3:   layout_cave_pods, nicolae_spider_entry_non_spiders,
          beast_lair_carwin_11
Lair:4:   layout_cave_pods
Lair:5:   layout_small_grid, chequers_serial_rivers_large_a, minivault_19,
          kennysheep_basilisk_garden
Lair:6:   evilmike_catoblepas_cave, layout_regular_city, slime_altar_1
Orc:1:    layout_caves, uniq_nergalle, uniq_jorgrun
Orc:2:    st_orc_mages, layout_caves

Skill      XL: |  1  2  3  4  5  6  7  8  9 10 11 12 13 14 15 |
---------------+----------------------------------------------+-----
Axes           | 4 5 6 7 8 9 11 13 16 17 19 20 22 23 24 | 24.0
Shields        | 2 3 8 |  8.7
Fighting       | 4 6 8 10 11 12 | 12.8
Armour         | 3 6 9 11 12 13 14 | 14.4
Dodging        | 5 7 9 10 | 10.9

Action                   |  1- 3 |  4- 6 |  7- 9 | 10-12 | 13-15 || total
-------------------------+-------+-------+-------+-------+-------++-------
Melee: Hand axe          |    57 |       |       |       |       ||    57
       Headbutt          |    11 |    17 |    52 |    71 |   166 ||   317
       War axe           |    18 |   128 |   238 |    20 |       ||   404
       Battleaxe         |       |       |       |   337 |   725 ||  1062
Invok: Berserk           |       |     2 |     3 |    11 |    19 ||    35
       Trog's Hand       |       |     1 |       |     2 |     2 ||     5
Evoke: Wand              |       |       |       |       |     2 ||     2
  Use: Scroll            |     5 |     1 |     8 |    12 |    11 ||    37
       Potion            |       |       |       |       |     6 ||     6
Armor: Animal skin       |     5 |       |       |       |       ||     5
       Ring mail         |    23 |    54 |    15 |       |       ||    92
       Chain mail        |       |       |    77 |    52 |   117 ||   246
       Scale mail        |       |       |     9 |    36 |       ||    45
       Plate armour      |       |       |       |    65 |   235 ||   300
Dodge: Dodged            |    46 |    70 |   102 |   129 |   276 ||   623
Block: Other             |       |       |       |       |    41 ||    41
       Reflection        |       |       |       |       |     4 ||     4
